 Dungeon Crawl Stone Soup version 0.30-a0-738-g116ff8c4af (webtiles) character file.

Game seed: 3560972327220216630

193 mopl the Magician (level 5, -3/31 HPs)
             Began as an Octopode Hedge Wizard on Feb 3, 2023.
             Slain by Natasha (6 damage)
             ... on level 2 of the Dungeon.
             The game lasted 00:03:01 (2103 turns).

mopl the Magician (Octopode Hedge Wizard)           Turns: 2103, Time: 00:03:02

Health: -3/31      AC:  1    Str:  9    XL:     5   Next: 72%
Magic:  11/11      EV: 13    Int: 18    God:
Gold:   58         SH:  0    Dex: 12    Spells: 6/12 levels left

rFire   . . .      SeeInvis .    a - +0 dagger
rCold   . . .      Faith    .    (no shield)
rNeg    . . .      Spirit   .    b - +0 hat
rPois   .          Reflect  .    (no amulet)
rElec   .          Harm     .    (no ring)
rCorr   .          Rampage  .    (no ring)
Will    .....                    (no ring)
Stlth   +++                      (no ring)
HPRegen 0.25/turn                (no ring)
MPRegen 0.12/turn                (no ring)
                                 (no ring)
                                 (no ring)

@: no status effects
A: almost no armour, amphibious, 8 rings, camouflage 1, gelatinous body 1,
(nimble swimmer 1), tentacles
a: no special abilities


You were on level 2 of the Dungeon.
You visited 1 branch of the dungeon, and saw 2 of its levels.

You collected 58 gold pieces.

Inventory:

Hand Weapons
 a - a +0 dagger (weapon)
Armour
 b - a +0 hat (worn)
Scrolls
 i - a scroll of fog {unknown}
 k - a scroll of poison {unknown}
 l - 2 scrolls of identify {unknown}
 n - 2 scrolls of amnesia {unknown}
Potions
 c - 2 potions of magic
 d - a potion of resistance {unknown}
 e - a potion of might {unknown}
 f - 3 potions of heal wounds {unknown}
 g - a potion of mutation {unknown}
 h - a potion of brilliance {unknown}
 j - 2 potions of degeneration {unknown}
 m - a potion of lignification {unknown}


   Skills:
 - Level 2.0 Dodging
 - Level 2.6 Stealth
 + Level 4.2 Spellcasting
 + Level 3.3 Conjurations
 - Level 1.0 Summonings
 + Level 2.5 Translocations
 + Level 1.1 Poison Magic


You had 6 spell levels left.
You knew the following spells:

 Your Spells              Type           Power      Damage    Failure   Level
a - Magic Dart            Conj           60%        1d6       3%          1
d - Mephitic Cloud        Conj/Pois/Air  9%         N/A       24%         3
e - Blink                 Tloc           24%        N/A       8%          2

Your spell library contained the following spells:

 Spells                   Type           Power      Damage    Failure   Level
 Slow                     Hex            12%        N/A       14%         1
 Call Imp                 Summ           7%         N/A       14%         2
 Cigotuvi's Dreadful Rot  Necr/Pois/Air  10%        N/A       19%         2
 Dazzling Flash           Conj/Hex       18%        N/A       22%         3
 Agony                    Necr           3%         N/A       99%         5
 Silence                  Hex/Air        1%         N/A       99%         5


Dungeon Overview and Level Annotations

Branches:
Dungeon (2/15)

Altars:
Zin

Annotations:
D:2 Natasha


Innate Abilities, Weirdness & Mutations

You cannot wear most types of armour.
You are amphibious.
You can wear up to eight rings at the same time.
Your skin changes colour to match your surroundings (Stealth+).
Your rubbery body absorbs attacks. (AC +1, EV +1)
((You are camouflaged when in or above water. (Stealth+)))
You have tentacles for arms and can constrict up to eight enemies at once.


Message History

Natasha is moderately wounded.
You constrict Natasha. Natasha barely misses you.
You hit Natasha.
Natasha is severely wounded.
You constrict Natasha. Natasha claws you!
You barely miss Natasha.
Natasha is severely wounded.
You constrict Natasha.
Natasha stares at you and mumbles some strange words.
The magic dart hits you.
You hit Natasha.
You kill Natasha!
Natasha growls in agony!
Your Poison Magic skill increases to level 1!
No target in view!
You start resting.
Natasha, Servant of Life and Death comes into view.
She is carrying a wand of flame (14).
Natasha hisses angrily.
Natasha stares at you and mumbles some strange words.
The magic dart hits you.
Natasha zaps a wand.
The puff of flame hits you!
You hit Natasha. Your grab misses Natasha.
Natasha is moderately wounded.
Natasha zaps a wand.
The puff of flame hits you!
* * * LOW HITPOINT WARNING * * *
You are too injured to fight recklessly!
You are too injured to fight recklessly!
You closely miss Natasha. You grab Natasha.
Natasha is moderately wounded.
You constrict Natasha. Natasha barely misses you.
You hit Natasha but do no damage. You squeeze Natasha, but do no damage.
Natasha is moderately wounded.
You constrict Natasha. Natasha casts a spell at you. The magic dart hits you.
* * * LOW HITPOINT WARNING * * *
You hit Natasha.
Natasha is heavily wounded.
You constrict Natasha. Natasha claws you.
You die...

#.......................######.
###.......................#......
......#.#############.....#......
...#.#.........# ##.....#.._...
........######.# ##......#.....#
.....##..## #.# #...#####......
...#..##..## #.####...# #..#....
####..###..###.h##....# ##.......
........##......@..#..###..#.....
###.....................#.##.....
# #..#####.#####.†...............
# #..# #.# ##.....##.......... #
#..#####.####.....#####.###....
##..............#.# #.##.....
#.#######......#.# ###.##.....
#.# ####.....###...##..... #.#
###.........####.....


You could see Natasha.

Vanquished Creatures
  Jessica (D:2)
  Natasha (twice) (D:2)
  Terence (D:2)
  3 adders (D:2)
  3 worms
  4 dart slugs
  4 ball pythons (D:2)
  5 endoplasms
  6 goblins
  A hobgoblin (D:1)
  4 jackals (D:2)
  3 quokkas
  4 bats
  2 kobolds
  6 rats (D:1)
49 creatures vanquished.

Notes
Turn   | Place    | Note
-------+----------+-------------------------------------------
     0 | D:1      | mopl the Octopode Hedge Wizard began the quest for the Orb.
     0 | D:1      | Reached XP level 1. HP: 11/11 MP: 4/4
    87 | D:1      | Reached XP level 2. HP: 17/17 MP: 6/6
   581 | D:1      | Reached skill level 2 in Conjurations
   975 | D:1      | Reached XP level 3. HP: 21/21 MP: 1/8
  1038 | D:1      | Learned a level 2 spell: Blink
  1262 | D:2      | Reached XP level 4. HP: 9/27 MP: 1/9
  1359 | D:2      | Found a glowing silver altar of Zin.
  1446 | D:2      | Noticed Terence
  1461 | D:2      | Killed Terence
  1507 | D:2      | Reached skill level 2 in Translocations
  1598 | D:2      | Noticed Natasha
  1604 | D:2      | Killed Natasha
  1605 | D:2      | Reached skill level 4 in Spellcasting
  1605 | D:2      | Reached skill level 3 in Conjurations
  1605 | D:2      | Reached XP level 5. HP: 4/31 MP: 9/11
  1729 | D:2      | Learned a level 3 spell: Mephitic Cloud
  1801 | D:2      | Noticed Jessica
  1806 | D:2      | Killed Jessica
  2053 | D:2      | Noticed Natasha
  2064 | D:2      | Killed Natasha
  2065 | D:2      | Reached skill level 1 in Poison Magic
  2097 | D:2      | Noticed Natasha
  2103 | D:2      | Slain by Natasha

Illustrated notes

Levels and vault maps discovered:
D:1:      lemuel_arrival_funnel, layout_basic
D:2:      minmay_evil_eye, layout_rooms, basic_altar, minmay_nonomino_d4,
          uniq_terence, uniq_jessica, uniq_natasha

Skill      XL: |  1  2  3  4  5 |
---------------+----------------+-----
Conjurations   | 2 3 |  3.3
Translocations | 2 |  2.5
Spellcasting   | 4 |  4.2
Poison Magic   | 1 |  1.1
Dodging        | |  2.0
Stealth        | |  2.6
Summonings     | |  1.0

Action                     |  1- 3 |  4- 6 || total
---------------------------+-------+-------++-------
  Melee: Dagger            |    53 |    58 ||   111
         Constrict         |    14 |    13 ||    27
         Tentacles         |    10 |    16 ||    26
         Punch             |     1 |       ||     1
   Cast: Magic Dart        |    41 |     5 ||    46
   Stab: Sleeping          |     7 |    11 ||    18
 Armour: Skin              |     5 |     1 ||     6
  Dodge: Dodged            |    22 |    34 ||    56

Table legend: (Time is in decaauts)
 A = Elapsed time spent in this place.
 B = Non-inter-level travel time spent in this place.
 C = Inter-level travel time spent in this place.
 D = Time resting spent in this place.
 E = Time spent auto-exploring this place.
 F = Levels seen in this place.
 G = Mean time per level.
                   A        B        C        D        E       F      G
               +--------+--------+--------+--------+--------+-----+--------+
         Total |   2104 |   2044 |     60 |    543 |   1059 |   2 | 1052.0 |
       Dungeon |   2104 |   2044 |     60 |    543 |   1059 |   2 | 1052.0 |
               +--------+--------+--------+--------+--------+-----+--------+

Top non-repeatable levels by time:
     D:1: 1118 daAuts
     D:2: 986 daAuts
